Map: Chantier naval orbital

Players

AgCl

  • Race: Protoss Protoss

zerg - Winner!

  • Race: Protoss Protoss

VOD

Have the link to the VOD?

Description

Time

  • Played on: May 22, 2015, 8:42 p.m.
  • Length: 6:07
Show
View Real Time Build Order
Export as new Build Order

AgCl Protoss 

Build Orders: Oracle Opening, Oracle Opening, Phoenix Opening, Phoenix Opening 

Get SALT Encoding   

  12  0:16  Pylon  
  12  0:17  Probe  
  13  0:26  Assimilator  
  13  0:29  Probe  
  14  0:42  Gateway, Probe (Chrono Boost)  
  15  0:54  Probe (Chrono Boost)  
  16  1:01  Probe (Chrono Boost)  
  17  1:12  Probe (Chrono Boost)  
  17  1:15  Assimilator  
  18  1:20  Probe (Chrono Boost)  
  19  1:29  Cybernetics Core, Probe  
  20  1:41  Probe (Chrono Boost)  
  21  1:50  Pylon  
  21  1:51  Probe (Chrono Boost)  
  22  2:08  Probe (Chrono Boost)  
  22  2:13  Stargate  
  23  2:21  Mothership Core (Chrono Boost)  
  25  2:24  Warp Gate  
  25  2:35  Nexus  
  25  2:43  Probe  
  26  2:53  Gateway  
  26  2:57  Pylon  
  26  3:05  Oracle (Chrono Boost)  
  29  3:11  Probe  
  30  3:20  Pylon  
  30  3:24  Probe  
  31  3:35  Robotics Facility  
  31  3:36  Pylon  
  24  3:48  Phoenix (Chrono Boost)  
  21  4:17  Phoenix (Chrono Boost)  
  21  4:19  Probe  
  21  4:24  Probe (Chrono Boost)  
  26  4:36  Probe x2 (Chrono Boost)  
  27  4:45  Probe (Chrono Boost)  
  25  5:01  Probe (Chrono Boost)  
  25  5:03  Probe (Chrono Boost)  
  25  5:08  Probe (Chrono Boost)  
  25  5:13  Zealot  
  28  5:18  Probe (Chrono Boost)  
  19  5:30  Probe (Chrono Boost)  
  19  5:37  Probe (Chrono Boost)  
  21  5:42  Probe (Chrono Boost)  
  22  5:50  Probe (Chrono Boost)  
  22  5:55  Probe (Chrono Boost)  
Show
View Real Time Build Order
Export as new Build Order

zerg Protoss - Winner!

Build Orders: Oracle Opening, Oracle Opening 

Get SALT Encoding   

  12  0:02  Probe  
  13  0:14  Probe  
  14  0:19  Pylon  
  14  0:37  Probe (Chrono Boost)  
  14  0:42  Gateway  
  15  0:47  Probe (Chrono Boost)  
  16  0:50  Pylon  
  16  0:54  Probe  
  17  0:57  Assimilator  
  17  1:04  Assimilator  
  17  1:09  Probe (Chrono Boost)  
  19  1:19  Probe (Chrono Boost)  
  19  1:26  Probe  
  20  1:33  Cybernetics Core  
  20  1:38  Probe (Chrono Boost)  
  21  1:46  Pylon  
  21  1:48  Probe (Chrono Boost)  
  22  1:55  Probe  
  23  2:07  Probe  
  24  2:11  Stargate  
  24  2:15  Stalker (Chrono Boost)  
  26  2:19  Probe  
  26  2:20  Warp Gate  
  27  2:39  Mothership Core  
  29  3:00  Probe  
  29  3:05  Nexus  
  30  3:08  Oracle (Chrono Boost)  
  33  3:21  Forge  
  33  3:35  Probe  
  33  3:39  Oracle (Chrono Boost)  
  37  3:47  Probe  
  37  3:59  Probe  
  38  4:04  Gateway x2  
  36  4:11  Probe  
  36  4:12  Photon Cannon  
  37  4:21  Gateway  
  37  4:24  Pylon  
  37  4:29  Probe (Chrono Boost)  
  40  4:39  Probe x2 (Chrono Boost)  
  40  4:46  Probe  
  41  4:58  Probe  
  39  5:04  Photon Cannon  
  39  5:06  Twilight Council  
  39  5:11  Gateway  
  36  5:36  Probe (Chrono Boost)  
  36  5:38  Pylon  
  36  5:40  Stalker x2  
  36  5:41  Stalker x2  
  45  5:46  Probe (Chrono Boost)  
  45  5:48  Gateway  
  46  5:57  Gateway  
Tags
 
Add a new tag
Caveats
  • Supply blocks, unpowered buildings, or Contaminate may cause inaccurate times.
  • Supply counts are checked every 10 seconds.